Construct Light Support Kompanie
Selects Defensive Operations
Pak 38 Anti-tank Gun Team
Pak 38 Anti-tank Gun Team
Selects Prepared Positions
Construct Panzerarmee Kommand
Pak 38 Anti-tank Gun Team
Pak 38 Anti-tank Gun Team
Construct Mechanized Kompanie
18-tonne Recovery Half-track
254 Reconnaissance Tractor
Marder III Tank Destroyer
Construct Panzerarmee Kommand
Selects Obice 305mm Barrage
Selects L6/40 Light Tank Combat Group
Walking Stuka Rocket Launcher
Selects Towed Cannone da 105/28 Field Howitzer